 Dungeon Sprint DCSS version 0.26-a0-663-g36e8fdb655 (webtiles) character file.

Game seed: 3864627575904461752

9 Conn the Magician (level 2, 0/17 HPs)
             Began as an Octopode Hedge Wizard on Oct 11, 2020.
             Was an Initiate of Sif Muna.
             Slain by a worker ant (7 damage)
             ... in the Dungeon (Sprint VII: "The Pits").
             The game lasted 00:00:54 (386 turns).

Conn the Magician (Octopode Hedge Wizard)            Turns: 386, Time: 00:00:55

Health: 0/17       AC:  1    Str:  9    XL:     2   Next: 12%
Magic:  4/7        EV: 14    Int: 16    God:    Sif Muna [......]
Gold:   0          SH:  0    Dex: 11    Spells: 4/9 levels left

rFire    . . .     SeeInvis .   c - +2 dagger
rCold    . . .     Faith    .   (no shield)
rNeg     . . .     Spirit   .   b - +0 hat
rPois    .         Reflect  .   (no amulet)
rElec    .         Harm     .   (no ring)
rCorr    .         Rampage  .   (no ring)
MR       .....     NoTele   +   (no ring)
Stlth    +++.......             (no ring)
HPRegen  0.05/turn              (no ring)
MPRegen  0.10/turn              (no ring)
                                (no ring)
                                (no ring)

@: lethally poisoned (0 -> -8)
A: almost no armour, stealthy swim, amphibious, 8 rings, constrict 8, camouflage
1, gelatinous body 1
a: Renounce Religion


You were in the Dungeon.
You worshipped Sif Muna.
Sif Muna was noncommittal.
You visited 1 branch

Inventory:

Hand Weapons
 a - a +0 dagger
 c - a +2 dagger (weapon)
Armour
 b - a +0 hat (worn)
Scrolls
 i - a scroll of blinking
 k - 3 scrolls of remove curse
 l - 5 scrolls of amnesia
 m - a scroll of summoning
Potions
 d - a potion of curing
 e - a potion of heal wounds
 f - a potion of haste
 g - 4 potions of magic
 h - 2 potions of berserk rage
 j - 2 potions of invisibility


   Skills:
 + Level 2.9 Dodging
 + Level 3.1 Stealth
 + Level 4.2 Spellcasting
 + Level 1.0 Conjurations
 + Level 1.0 Summonings
 + Level 1.0 Translocations


You had 4 spell levels left.
You knew the following spells:

 Your Spells              Type           Power        Failure   Level
a - Magic Dart            Conj           #...         11%         1
b - Blink                 Tloc           N/A          17%         2
c - Call Imp              Summ           #.......     17%         2

Your spell library contained the following spells:

 Spells                   Type           Power        Failure   Level
 Slow                     Hex            #.......     26%         2
 Conjure Flame            Conj/Fire      #.......     38%         3
 Mephitic Cloud           Conj/Pois/Air  #.......     41%         3


Dungeon Overview and Level Annotations

Branches:
Dungeon (1/1)

Altars:
Ashenzari
Cheibriados
Dithmenos
Elyvilon
Fedhas
Gozag
Hepliaklqana
Kikubaaqudgha
Makhleb
Nemelex Xobeh
Okawaru
Qazlal
Ru
Sif Muna
Trog
Uskayaw
Vehumet
Wu Jian
Xom
Yredelemnul
Zin
The Shining One
Beogh
Jiyva
Lugonu


Innate Abilities, Weirdness & Mutations

You cannot wear most types of armour.
You are very stealthy in the water. (Stealth+)
You are amphibious.
You can wear up to eight rings at the same time.
You can use your tentacles to constrict eight enemies at once.
Your skin changes colour to match your surroundings (Stealth+).
Your rubbery body absorbs attacks. (AC +1, EV +1)


Message History

The worker ant poisons you!
Casting: Magic Dart (safe; 11% risk of failure)
Confirm with . or Enter, or press ? or * to list all spells.
Aiming: Magic Dart (safe; 11% risk of failure)
Press: ? - help, Shift-Dir - straight line, f/p - worker ant
Aim: a worker ant (severely wounded, constricted by you)
The magic dart hits the worker ant but does no damage.
The worker ant is severely wounded.
You constrict the worker ant.
You feel sick.
The worker ant bites you but does no damage.
Casting: Magic Dart (safe; 11% risk of failure)
Confirm with . or Enter, or press ? or * to list all spells.
Aiming: Magic Dart (safe; 11% risk of failure)
Press: ? - help, Shift-Dir - straight line, f/p - worker ant
Aim: a worker ant (almost dead, constricted by you)
The magic dart hits the worker ant but does no damage.
The worker ant is almost dead.
You constrict the worker ant, but do no damage.
The worker ant bites you!
You die...

#_________.#
#_________.#
#_______...###########+
##########'##..........
#.?(.')))'.##......#..#
##########.##..........
#..........รท'..........
#+#####'#####......#..#
#@.# #.......... +B.+
####'#####+ ####
#.......# #.......#
#.......# #...<...#
#.......# #.......#
#.......#


You could see a worker ant.

Vanquished Creatures
  An adder (D)
1 creature vanquished.

Notes
Turn   | Place    | Note
-------+----------+-------------------------------------------
     0 | D        | Conn the Octopode Hedge Wizard began the quest for the Orb.
     0 | D        | Reached XP level 1. HP: 11/11 MP: 4/4
    18 | D        | Reached skill level 4 in Spellcasting
    18 | D        | Reached XP level 2. HP: 1/17 MP: 5/7
   354 | D        | Found a bloodstained altar of Trog.
   354 | D        | Found a shimmering blue altar of Sif Muna.
   354 | D        | Found a viscous altar of Jiyva.
   354 | D        | Found a hazy altar of Hepliaklqana.
   354 | D        | Found an opulent altar of Gozag.
   355 | D        | Found a glowing golden altar of the Shining One.
   355 | D        | Found a glowing silver altar of Zin.
   355 | D        | Found a basalt altar of Yredelemnul.
   355 | D        | Found a shimmering altar of Xom.
   355 | D        | Found an ornate altar of the Wu Jian Council.
   355 | D        | Found a sacrificial altar of Ru.
   355 | D        | Found a stormy altar of Qazlal.
   355 | D        | Found an iron altar of Okawaru.
   355 | D        | Found a sparkling altar of Nemelex Xobeh.
   355 | D        | Found a burning altar of Makhleb.
   355 | D        | Found a blossoming altar of Fedhas.
   355 | D        | Found a white marble altar of Elyvilon.
   355 | D        | Found a shadowy altar of Dithmenos.
   355 | D        | Found a snail-covered altar of Cheibriados.
   356 | D        | Found a radiant altar of Vehumet.
   356 | D        | Found a corrupted altar of Lugonu.
   356 | D        | Found a roughly hewn altar of Beogh.
   357 | D        | Found an ancient bone altar of Kikubaaqudgha.
   357 | D        | Found a hide-covered altar of Uskayaw.
   357 | D        | Found a broken altar of Ashenzari.
   364 | D        | Became a worshipper of Sif Muna the Loreminder
   376 | D        | Learned a level 2 spell: Blink
   379 | D        | Learned a level 2 spell: Call Imp
   386 | D        | Slain by a worker ant

Illustrated notes

Levels and vault maps discovered:
D:        pitsprint [storerooms_1, entrance_room_1, metal_vault_5, armoury_3,
          mini_pit_1, grid_room_1, main_hall_1, silver_pit, the_coven_2,
          the_vestibule_1, steel_vault_2, golden_pit, hallway_of_sentries,
          crystal_vault_1, iron_vault_1, final_vault]

Skill      XL: |  1 |
---------------+----+-----
Stealth        | 3 |  3.1
Spellcasting   | 4 |  4.2
Dodging        | |  2.9
Conjurations   | |  1.0
Summonings     | |  1.0
Translocations | |  1.0

Action                   || total
-------------------------++-------
Melee: Dagger            ||     9
       Constrict         ||     1
 Cast: Magic Dart        ||     3
  Use: Potion            ||     1
 Stab: Sleeping          ||     1
Armor: Skin              ||     2
Dodge: Dodged            ||     7

Table legend: (Time is in decaauts)
 A = Elapsed time spent in this place.
 B = Non-inter-level travel time spent in this place.
 C = Inter-level travel time spent in this place.
 D = Time resting spent in this place.
 E = Time spent auto-exploring this place.
 F = Levels seen in this place.
 G = Mean time per level.
                   A        B        C        D        E       F      G
               +--------+--------+--------+--------+--------+-----+--------+
         Total |    395 |    395 |      0 |    314 |      0 |   1 |  395.0 |
       Dungeon |    395 |    395 |      0 |    314 |      0 |   1 |  395.0 |
               +--------+--------+--------+--------+--------+-----+--------+

Top non-repeatable levels by time:
       D: 395 daAuts
